 Dungeon Crawl Stone Soup version 0.31-a0-983-g7b6862f502 (webtiles) character file.

Game seed: 16469515669027906730

14 lunkers the Ruffian (level 2, 0/22 HPs)
             Began as a Demigod Shapeshifter on Nov 2, 2023.
             Slain by a goblin
             ... wielding a +0 dagger
              (1 damage)
             ... on level 2 of the Dungeon.
             The game lasted 00:01:12 (430 turns).

lunkers the Ruffian (Demigod Shapeshifter)           Turns: 430, Time: 00:01:12

Health: 0/22       AC:  2    Str: 15    XL:     2   Next: 18%
Magic:  4/4        EV: 12    Int: 12    God:
Gold:   46         SH:  0    Dex: 13    Spells: 1/1 levels left

rFire   . .          .
                       - Unarmed
rCold   . . .        (no shield)
rNeg    . . .        a - +0 animal skin
rPois   .            (helmet currently unavailable)
rElec   .            (cloak currently unavailable)
rCorr   .            (gloves currently unavailable)
SInv    .            (boots currently unavailable)
Will    .....        (no amulet)
Stlth   +            (no ring)
HPRegen 0.23/turn    (no ring)
MPRegen 0.09/turn

%: no passive effects
@: beast-form
A: beast (slay +1), high MP 1, forlorn, divine attributes
a: Begin Untransformation


You were on level 2 of the Dungeon.
You were a hulking beast.
You visited 1 branch of the dungeon, and saw 2 of its levels.

You collected 46 gold pieces.

Inventory:

Armour
 a - a +0 animal skin (worn)
Talismans
 c - a beast talisman
 d - a flux talisman
Potions
 b - a potion of lignification
 e - a potion of curing {unknown}


   Skills:
 - Level 0.8 Fighting
 - Level 1.7 Dodging
 * Level 3.2 Unarmed Combat
 + Level 2.9 Shapeshifting


You had one spell level left.
You didn't know any spells.
Your spell library was empty.

Dungeon Overview and Level Annotations

Branches:
Dungeon (2/15)

Shops:
D:1 (


Innate Abilities, Weirdness & Mutations

You are a hulking beast.
Your limbs bulge with bestial killing power. (Slay +1)
You have an increased reservoir of magic. (+10% MP)
You shall have no god before yourself.
Your divine heritage dramatically boosts your attributes as you level up.


Message History

A gnoll comes into view. It is wielding a +0 spear.
A gnoll is nearby!
A giant cockroach and a gnoll come into view.
The gnoll shouts!
You hear a shout!
A bat comes into view.
The bat hits you but does no damage. The bat misses you.
The bat hits you but does no damage. The bat closely misses you.
You barely miss the bat. The bat barely misses you.
A goblin comes into view. It is wielding a +0 dagger.
The bat misses you.
You barely miss the bat. The bat hits you but does no damage. x2
You hit the bat.
You kill the bat!
The gnoll hits you from afar with a +0 spear.
You barely miss the giant cockroach. The giant cockroach bites you.
The gnoll hits you from afar with a +0 spear.
* * * LOW HITPOINT WARNING * * *
The gnoll attacks as it pursues you! The gnoll closely misses you.
The giant cockroach bites you but does no damage.
The giant cockroach attacks as it pursues you!
The giant cockroach closely misses you.
The giant cockroach bites you but does no damage.
The giant cockroach attacks as it pursues you!
The giant cockroach bites you but does no damage.
You barely miss the giant cockroach.
The giant cockroach bites you but does no damage.
The giant cockroach barely misses you.
You hit the giant cockroach but do no damage.
The gnoll hits you from afar with a +0 spear.
* * * LOW HITPOINT WARNING * * *
The giant cockroach barely misses you.
You closely miss the giant cockroach.
The gnoll hits you from afar with a +0 spear.
* * * LOW HITPOINT WARNING * * *
The giant cockroach bites you.
* * * LOW HITPOINT WARNING * * *
The giant cockroach attacks as it pursues you!
The giant cockroach misses you. The goblin attacks as it pursues you!
The goblin hits you with a +0 dagger.
You die...

............#
............#
...........#
...........#
..........<#
...........#
...........#
...........#
..........h#
.........gB#
...........#
........gg##
...........#
...#######.#
...#..g.8..#
## #g88g...#
#†8######


You could see 2 gnolls, a giant cockroach and a goblin.

Vanquished Creatures
  A bat (D:2)
  A giant cockroach (D:1)
  A hobgoblin (D:1)
  4 jackals (D:1)
  2 ball pythons (D:1)
  A goblin (D:1)
  3 rats
13 creatures vanquished.

Notes
Turn   | Place    | Note
-------+----------+-------------------------------------------
     0 | D:1      | lunkers the Demigod Shapeshifter began the quest for the
                  | Orb.
     0 | D:1      | Reached XP level 1. HP: 15/15 MP: 3/3
   101 | D:1      | Found Iwaadd's Weapon Shop.
   147 | D:1      | Reached skill level 3 in Unarmed Combat
   200 | D:1      | Reached XP level 2. HP: 8/22 MP: 4/4
   429 | D:2      | HP: 1/22 [giant cockroach (1)]
   430 | D:2      | Slain by a goblin

Illustrated notes

Levels and vault maps discovered:
D:1:      dpeg_arrival_stonehenge_8_columns, layout_loops_ring, serial_shops,
          nicolae_shop_scrapyard, minmay_box_of_dots
D:2:      layout_basic, serial_curves, eino_curves_02, eino_curves_03,
          chequers_decorated_corner, minmay_goblin_outpost,
          uniq_crazy_yiuf_cottage

Skill      XL: |  1 |
---------------+----+-----
Unarmed Combat | 3 |  3.2
Fighting       | |  0.8
Dodging        | |  1.7
Shapeshifting  | |  2.9

Action                     || total
---------------------------++-------
  Melee: Unarmed           ||    32
   Stab: Sleeping          ||     1
 Armour: Animal skin       ||    32
  Dodge: Dodged            ||    29

Table legend: (Time is in decaauts)
 A = Elapsed time spent in this place.
 B = Non-inter-level travel time spent in this place.
 C = Inter-level travel time spent in this place.
 D = Time resting spent in this place.
 E = Time spent auto-exploring this place.
 F = Levels seen in this place.
 G = Mean time per level.
                   A        B        C        D        E       F      G
               +--------+--------+--------+--------+--------+-----+--------+
         Total |    428 |    414 |     14 |      0 |    293 |   2 |  214.0 |
       Dungeon |    428 |    414 |     14 |      0 |    293 |   2 |  214.0 |
               +--------+--------+--------+--------+--------+-----+--------+

Top non-repeatable levels by time:
     D:1: 378 daAuts
     D:2: 49 daAuts
